 Dungeon Crawl Stone Soup version 0.24.1 (webtiles) character file.

Game seed: 2754247431228114391, levelgen mode: deterministic

1841 Curus the Cruncher (level 9, -1/48 HPs)
             Began as a Gargoyle Gladiator on Mar 26, 2020.
             Was a Priest of Makhleb.
             Slain by Harold
             ... wielding a +0 dire flail
              (7 damage)
             ... on level 7 of the Dungeon.
             The game lasted 00:21:08 (4854 turns).

Curus the Cruncher (Gargoyle Gladiator)             Turns: 4854, Time: 00:21:08

Health: -1/48      AC: 17    Str: 23    XL:     9   Next: 12%
Magic:  0/9        EV:  9    Int:  9    God:    Makhleb [***...]
Gold:   454        SH:  0    Dex: 14    Spells: 8/8 levels left

rFire    . . .     SeeInvis .   a - +0 quarterstaff
rCold    . . .     Gourm    .   (shield currently unavailable)
rNeg     + . .     Faith    .   n - +1 chain mail {MR+}
rPois    ∞         Spirit   +   c - +1 helmet
rElec    +         Reflect  .   (no cloak)
rCorr    .         Harm     .   (no gloves)
MR       +....                  (no boots)
Stlth    ..........             h - amulet of guardian spirit
HPRegen  0.16/turn              (no ring)
MPRegen  0.11/turn              (no ring)

@: mighty
A: negative energy resistance 1, electricity resistance, unbreathing,
petrification resistance, rot immunity, AC +6
a: Minor Destruction, Lesser Servant of Makhleb, Renounce Religion


You were on level 7 of the Dungeon.
You worshipped Makhleb.
Makhleb was most pleased with you.
You were not hungry.

You visited 1 branch of the dungeon, and saw 7 of its levels.

You collected 454 gold pieces.

Inventory:

Hand Weapons
 a - a +0 quarterstaff (weapon)
Missiles
 d - 4 throwing nets (quivered)
Armour
 b - a +0 leather armour
 c - a +1 helmet (worn)
 k - a cursed +0 ring mail
 n - a +1 chain mail of magic resistance (worn)
 x - a +0 plate armour
Jewellery
 h - an amulet of guardian spirit (around neck)
 p - an uncursed amulet of harm
 q - a -3 ring of strength
Wands
 m - a wand of random effects (37)
 r - a wand of clouds (5)
Scrolls
 g - 9 scrolls of identify
 i - 4 scrolls of teleportation
 l - a scroll of blinking
 s - a scroll of remove curse
 t - 2 scrolls of fear
 v - a scroll of enchant armour
Potions
 e - a potion of heal wounds
 j - 2 potions of curing
 o - 2 potions of haste
 u - a potion of flight
Comestibles
 f - 8 rations


   Skills:
 - Level 2.1 Fighting
 + Level 11.7 Staves
 - Level 1.7 Throwing
 - Level 2.4 Dodging


You had 8 spell levels left.
You didn't know any spells.
Your spell library was empty.

Dungeon Overview and Level Annotations

Branches:
Dungeon (7/15)             Temple (0/1) D:5

Altars:
Elyvilon
Fedhas
Gozag
Makhleb
Nemelex Xobeh
Qazlal
Trog
Vehumet
Xom
The Shining One

Shops:
D:4 (   D:6 :

Annotations:
D:7 Harold


Innate Abilities, Weirdness & Mutations

You are resistant to torment.
Your stone body is resilient. (AC +6)
You are immune to poison.
You resist negative energy. (rN+)
You are resistant to electric shocks. (rElec)
You can survive without breathing.
You are immune to petrification.
You are immune to rotting.


Message History

You struggle against the net.
Harold points at you and mumbles some strange words.
The harpoon shot hits you!
* * * LOW HITPOINT WARNING * * *
You are yanked forward by the harpoon shot.
Harold hits you with a +0 dire flail!
* * * LOW HITPOINT WARNING * * *
Okay, then.
Unknown command.
You feel very mighty all of a sudden. Harold completely misses you.
You barely miss Harold. Harold hits you but does no damage.
You closely miss Harold. You sock Harold!
Harold is moderately wounded.
Harold hits you but does no damage.
You bludgeon Harold!!
Harold is heavily wounded.
Harold hits you with a +0 dire flail!
You die...

#............
#........... #.......##.
. #..))....#...
###...)........
#......(.......
#.......######.#...##...
###>....##.###.....##...
##.....@@........[.....#
##...#..#...............#
#...###.##.............#
#........##............##
##..#..####.............#
####<..#................
##............).....##.
#....##...........###..
#.................##...


You could see Harold.

Vanquished Creatures
  A hippogriff (D:4)
  Menkaure (D:7)
  An orc warrior (D:7)
  An ice beast (D:7)
  2 ogres
  A centaur (D:4)
  3 bullfrogs
  3 scorpions
  A wyvern skeleton (D:7)
  A centaur zombie (D:6)
  3 crimson imps
  2 orc priests (D:6)
  2 hounds (D:6)
  Jessica (D:2)
  2 iguanas
  A worker ant (D:4)
  4 orc wizards
  A statue (D:5)
  A hound skeleton (D:7)
  6 gnolls
  A howler monkey skeleton (D:5)
  5 adders
  An adder skeleton (D:5)
  6 worms
  3 dart slugs
  5 leopard geckos
  18 orcs
  6 bats
  4 giant cockroaches
  7 goblins
  10 hobgoblins
  15 jackals
  5 kobolds
  4 quokkas
  4 ball pythons
  4 frilled lizards
  4 rats
140 creatures vanquished.

Notes
Turn   | Place    | Note
-------+----------+-------------------------------------------
     0 | D:1      | Curus the Gargoyle Gladiator began the quest for the Orb.
     0 | D:1      | Reached XP level 1. HP: 12/12 MP: 1/1
   745 | D:1      | Reached XP level 2. HP: 14/17 MP: 2/2
  1033 | D:2      | Noticed Jessica
  1060 | D:2      | Killed Jessica
  1060 | D:2      | Reached skill level 4 in Staves
  1060 | D:2      | Reached XP level 3. HP: 11/21 MP: 3/3
  1318 | D:2      | Reached XP level 4. HP: 23/26 MP: 4/4
  1424 | D:2      | Reached skill level 5 in Staves
  1470 | D:2      | Found a burning altar of Makhleb.
  1512 | D:2      | Became a worshipper of Makhleb the Destroyer
  1672 | D:2      | Found a bloodstained altar of Trog.
  1672 | D:2      | Found a glowing golden altar of the Shining One.
  1673 | D:2      | Found a blossoming altar of Fedhas.
  1826 | D:3      | Reached XP level 5. HP: 25/30 MP: 3/5
  2031 | D:3      | Reached * piety under Makhleb
  2104 | D:3      | Reached skill level 6 in Staves
  2170 | D:3      | You fall into a shaft and drop 2 floors!
  2170 | D:5      | Entered Level 5 of the Dungeon
  2192 | D:5      | Reached XP level 6. HP: 35/35 MP: 6/6
  2209 | D:4      | Noticed a hippogriff
  2226 | D:4      | Killed a hippogriff
  2226 | D:4      | Reached skill level 7 in Staves
  2409 | D:4      | Found a sparkling altar of Nemelex Xobeh.
  2495 | D:4      | Reached skill level 8 in Staves
  2495 | D:4      | Reached XP level 7. HP: 40/40 MP: 7/7
  2541 | D:4      | Found Bakhy's Antique Weapon Emporium.
  2620 | D:4      | Found a white marble altar of Elyvilon.
  2636 | D:4      | Found an opulent altar of Gozag.
  2836 | D:5      | Reached ** piety under Makhleb
  2938 | D:5      | Found a staircase to the Ecumenical Temple.
  3044 | D:5      | Found a stormy altar of Qazlal.
  3188 | D:5      | Found a radiant altar of Vehumet.
  3344 | D:5      | Reached skill level 9 in Staves
  3498 | D:6      | Reached XP level 8. HP: 11/44 MP: 0/8
  3812 | D:6      | Reached skill level 10 in Staves
  4155 | D:6      | Found Dulegu's Book Shoppe.
  4315 | D:6      | Found a shimmering altar of Xom.
  4667 | D:7      | Reached *** piety under Makhleb
  4736 | D:7      | Noticed Menkaure
  4746 | D:7      | Killed Menkaure
  4746 | D:7      | Reached skill level 11 in Staves
  4779 | D:7      | Reached XP level 9. HP: 42/48 MP: 7/9
  4846 | D:7      | Noticed Harold
  4854 | D:7      | Slain by Harold

Levels and vault maps discovered:
D:1:      sevenhm_arrival_forest_fort_small_4, layout_basic
D:2:      layout_rooms, gammafunk_temple_overflow_claw, first_ration,
          bloody_makhleb, uniq_jessica
D:3:      layout_loops_cross
D:4:      layout_rooms, lemuel_crystal_altar,
          nicolae_gozag_cash_rules_everything_around_me, elyvilon_altar_5,
          serial_shops, shop, kennysheep_generic_room_9
D:5:      layout_loops_cross, lemuel_doored_altar, vehumet_statue,
          minmay_temple_entry_enclosed_plants
D:6:      layout_loops_ring, xom_butterflies, serial_shops,
          kennysheep_little_box, chequers_serial_rivers_small_3
D:7:      layout_cave_pools, uniq_menkaure, uniq_harold

Skill      XL: |  1  2  3  4  5  6  7  8 |
---------------+-------------------------+-----
Staves         | 4 5 6 8 9 11 | 11.7
Fighting       | |  2.1
Throwing       | |  1.7
Dodging        | |  2.4

Action                   |  1- 3 |  4- 6 |  7- 9 || total
-------------------------+-------+-------+-------++-------
Melee: Quarterstaff      |    62 |   254 |   341 ||   657
Throw: Throwing net      |       |       |     1 ||     1
  Use: Scroll            |     4 |     2 |     5 ||    11
       Potion            |     1 |     4 |     5 ||    10
  Eat: Chunk             |     1 |     4 |     5 ||    10
       Ration            |       |       |     1 ||     1
Armor: Leather armour    |    21 |    43 |       ||    64
       Chain mail        |       |   136 |   166 ||   302
Dodge: Dodged            |    59 |   140 |   124 ||   323
